 Dungeon Crawl Stone Soup version 0.18.1-48-g4cf74bf (webtiles) character file.

8806 dearth the Fighter (level 11, -14/107 HPs)
             Began as a Minotaur Fighter on Aug 8, 2016.
             Was a High Priest of Okawaru.
             Killed from afar by TBriggs11TB's ghost (22 damage)
             ... with a bolt of negative energy
             ... on level 11 of the Dungeon.
             The game lasted 00:34:14 (10900 turns).

dearth the Fighter (Minotaur Fighter)              Turns: 10900, Time: 00:34:15

Health: -14/107    AC: 19    Str: 22    XL:     11   Next: 14%
Magic:  20/20      EV:  8    Int:  8    God:    Okawaru [*****.]
Gold:   363        SH: 11    Dex: 19    Spells: 0 memorised, 10 levels left

rFire  . . .     SeeInvis .     Q - +1 flail (protect)
rCold  . . .     Gourm    .     b - +0 scale mail
rNeg   . . .     Faith    .     c - +1 shield
rPois  +         Spirit   .     M - +2 hat {Int+3}
rElec  .         Dismiss  .     w - +1 cloak {rPois}
rCorr  .         Reflect  .     (no gloves)
SustAt .         Harm     .     m - +2 pair of boots
MR     +....                    (no amulet)
Stlth  ..........               N - ring "Imutek" {MP+9 Dex+7}
                                n - ring of protection from magic

@: heavily drained, somewhat resistant to hostile enchantments, extremely
unstealthy
A: retaliatory headbutt, horns 2
a: Heroism, Finesse, Renounce Religion


You were on level 11 of the Dungeon.
You worshipped Okawaru.
Okawaru was extremely pleased with you.
You were not hungry.

You visited 2 branches of the dungeon, and saw 12 of its levels.

You collected 692 gold pieces.
You spent 329 gold pieces at shops.

Inventory:

Hand Weapons
 Q - a +1 flail of protection (weapon)
Armour
 b - a +0 scale mail (worn)
 c - a +1 shield (worn)
 m - a +2 pair of boots (worn)
 w - a +1 cloak of poison resistance (worn)
 M - a +2 hat of intelligence (worn)
Jewellery
 n - a ring of protection from magic (left hand)
 N - the ring "Imutek" (right hand) {MP+9 Dex+7}
   (You found it on level 10 of the Dungeon)

   [ring of magical power]

   It affects your dexterity (+7).
   It affects your magic capacity (+9).
Wands
 o - a wand of polymorph (14/24)
 r - a wand of paralysis (19/24)
 t - a wand of digging (1/24)
 y - a wand of flame (17/48)
 D - a wand of flame (13/48)
 J - a wand of slowing (22/48)
Scrolls
 d - a scroll of fear
 e - 16 scrolls of identify
 h - 7 scrolls of remove curse
 k - 2 scrolls of recharging
 l - a scroll of holy word {unknown}
 v - a scroll of magic mapping
 x - a scroll of teleportation
 z - 4 scrolls of fog
 B - a scroll of enchant weapon
 E - 2 scrolls of enchant armour
 H - a scroll of vulnerability {unknown}
Potions
 j - a potion of agility {unknown}
 p - 2 potions of berserk rage
 q - 13 potions of curing
 s - a potion of flight {unknown}
 u - 2 potions of heal wounds
 A - a potion of invisibility {unknown}
 C - 4 potions of degeneration {unknown}
 F - a potion of mutation
 G - 3 potions of might
 L - 3 potions of lignification {unknown}
 P - a potion of brilliance {unknown}
Comestibles
 f - 5 bread rations
 g - 3 meat rations
 i - 3 beef jerkies
 I - a royal jelly
 K - 22 fruits
 O - a slice of pizza


   Skills:
 + Level 13.5(11.9) Fighting
 + Level 13.4(11.9) Maces & Flails
 + Level 4.9(3.6) Armour
 + Level 2.9(1.7) Dodging
 + Level 5.0(3.8) Shields
 + Level 2.6(1.4) Invocations
 + Level 2.0(0.9) Evocations


You had 10 spell levels left.
You didn't know any spells.

Dungeon Overview and Level Annotations

Branches:
Dungeon (11/15)            Temple (1/1) D:6            Lair (0/8) D:8
    Orc: D:9-12

Altars:
Ashenzari
Cheibriados
Dithmenos
Elyvilon
Fedhas
Gozag
Kikubaaqudgha
Makhleb
Nemelex Xobeh
Okawaru
Pakellas
Qazlal
Ru
Sif Muna
Trog
Vehumet
Xom
Yredelemnul
Zin
The Shining One

Shops:
D:4 [!

Annotations:
D:11 TBriggs11TB's ghost, journeyman DrBe


Innate Abilities, Weirdness & Mutations

You reflexively headbutt those who attack you in melee.
You have a pair of horns on your head.


Message History

You block the orc wizard's attack. You block TBriggs11TB's ghost's attack.
You closely miss TBriggs11TB's ghost.
Your headbutt misses TBriggs11TB's ghost.
TBriggs11TB's ghost is severely damaged.
You block the orc wizard's attack. TBriggs11TB's ghost hits you!
* * * LOW HITPOINT WARNING * * *
The orc wizard barely misses you.
You barely miss TBriggs11TB's ghost.
Your headbutt misses TBriggs11TB's ghost.
TBriggs11TB's ghost is severely damaged.
You feel like a meek peon again. TBriggs11TB's ghost hits you!
* * * LOW HITPOINT WARNING * * *
The orc wizard mumbles some strange words.
The orc wizard blinks!
You miss TBriggs11TB's ghost.
TBriggs11TB's ghost is severely damaged.
TBriggs11TB's ghost breathes negative energy at you.
The bolt of negative energy hits you!
You feel drained.
You die...

#..........###.......#.) #.
#...........##.....####.
>.. #..................# #[
##..#######.#..######.....#
#< ...............###
#.....# #.
..........##.#...# #.....#
## .............###..#
#.....# #
?........##..####.# #......
# .$....<..##.oW@ยง..#
###.#..# #
####........####...# #.##.#
#.....?...# #...#
#........).# .o..#
#.#.......o# .#.#
..#.#####.%.# .. .. ...
###.# .. # ... ..# ... ..
#...


You could see an orc wizard, TBriggs11TB's ghost and an orc.

Vanquished Creatures
  Gastronok (D:8)
  An unseen horror (D:11)
  Pikel (D:6)
  A troll (D:10)
  2 wyverns
  Eustachio (D:4)
  A hippogriff (D:10)
  A steam dragon (D:11)
  Duvessa (D:7)
  6 orc warriors
  2 ice beasts
  A necrophage (D:9)
  3 phantoms
  2 sky beasts
  8 ogres
  An eye of draining (D:8)
  4 centaurs
  2 crocodiles
  2 big kobolds
  5 giant frogs
  A wyvern skeleton (D:10)
  A scorpion (D:7)
  Dowan (D:7)
  7 killer bees
  4 howler monkeys
  4 wights (D:10)
  9 crimson imps
  A giant frog zombie (D:5)
  A giant frog skeleton (D:5)
  5 hounds
  5 orc priests
  Crazy Yiuf (D:5)
  2 centaur skeletons
  Jessica (D:3)
  An iguana (D:11)
  6 worker ants
  6 orc wizards
  A killer bee zombie (D:10)
  A hound zombie (D:7)
  A hound skeleton (D:10)
  3 gnolls (D:9)
  12 adders
  3 shadow imps
  2 oozes
  2 worms (D:2)
  2 dart slugs (D:1)
  5 giant geckos
  45 orcs
  6 bats
  2 giant cockroaches
  6 goblins
  9 hobgoblins
  19 jackals
  12 kobolds
  3 quokkas
  8 giant newts
  6 rats
  3 fungi (D:5)
253 creatures vanquished.

Vanquished Creatures (others)
  A giant gecko (D:6)
  A giant newt (D:6)
2 creatures vanquished.

Grand Total: 255 creatures vanquished

Notes
Turn   | Place    | Note
--------------------------------------------------------------
     0 | D:1      | dearth the Minotaur Fighter began the quest for the Orb.
     0 | D:1      | Reached XP level 1. HP: 19/19 MP: 0/0
   118 | D:1      | Reached XP level 2. HP: 19/27 MP: 1/1
   247 | D:1      | Found a shattered altar of Ashenzari.
   917 | D:2      | Reached XP level 3. HP: 27/34 MP: 2/2
  1388 | D:2      | Reached XP level 4. HP: 41/41 MP: 3/3
  1737 | D:3      | Reached skill level 5 in Fighting
  1881 | D:3      | Noticed Jessica
  1894 | D:3      | Killed Jessica
  1894 | D:3      | Reached XP level 5. HP: 37/48 MP: 4/4
  2052 | D:3      | Reached skill level 5 in Maces & Flails
  2476 | D:4      | Found Jinnos's Distillery.
  2488 | D:4      | Bought a potion of curing for 42 gold pieces
  2488 | D:4      | Bought a potion of curing for 42 gold pieces
  2488 | D:4      | Bought a potion of heal wounds for 70 gold pieces
  2503 | D:4      | Noticed an ogre
  2522 | D:4      | Killed an ogre
  2522 | D:4      | Reached XP level 6. HP: 16/58 MP: 5/5
  2751 | D:4      | Noticed Eustachio
  2862 | D:4      | Found a deep blue altar of Sif Muna.
  3047 | D:4      | Killed Eustachio
  3047 | D:4      | Reached XP level 7. HP: 57/66 MP: 6/6
  3170 | D:4      | Found Vyutes's Antique Armour Shop.
  3661 | D:5      | Entered Level 5 of the Dungeon
  3787 | D:5      | Found a sacrificial altar of Ru.
  3952 | D:5      | Reached XP level 8. HP: 57/75 MP: 7/7
  4477 | D:5      | Noticed Crazy Yiuf
  4483 | D:5      | Killed Crazy Yiuf
  4537 | D:6      | Found a sparkling altar of Nemelex Xobeh.
  4738 | D:6      | Noticed Pikel
  4752 | D:6      | Killed Pikel
  4752 | D:6      | Reached skill level 10 in Fighting
  4752 | D:6      | Reached skill level 10 in Maces & Flails
  4795 | D:6      | Found a staircase to the Ecumenical Temple.
  4805 | Temple   | Entered the Ecumenical Temple
  4825 | Temple   | Became a worshipper of Warmaster Okawaru
  5080 | D:6      | Reached XP level 9. HP: 83/86 MP: 8/8
  5115 | D:6      | Found a glowing golden altar of the Shining One.
  5506 | D:4      | Bought a potion of mutation for 35 gold pieces
  5506 | D:4      | Bought a potion of might for 56 gold pieces
  5506 | D:4      | Bought a potion of curing for 42 gold pieces
  5506 | D:4      | Bought a potion of curing for 42 gold pieces
  6007 | D:7      | Noticed Dowan
  6047 | D:7      | Killed Dowan
  6186 | D:7      | Reached * piety under Okawaru
  6910 | D:7      | Noticed Duvessa
  6922 | D:7      | Killed Duvessa
  7318 | D:8      | Reached ** piety under Okawaru
  7369 | D:8      | Found a snail-covered altar of Cheibriados.
  7385 | D:8      | Found a staircase to the Lair.
  7436 | D:8      | Noticed Gastronok
  7485 | D:8      | Killed Gastronok
  7485 | D:8      | Reached *** piety under Okawaru
  7485 | D:8      | Reached **** piety under Okawaru
  7485 | D:8      | Reached XP level 10. HP: 61/101 MP: 9/9
  8488 | D:9      | Reached skill level 1 in Invocations
  8619 | D:9      | Found a glowing silver altar of Zin.
  8621 | D:9      | Found a radiant altar of Vehumet.
  9572 | D:10     | Entered Level 10 of the Dungeon
  9609 | D:10     | Reached skill level 1 in Dodging
  9680 | D:10     | Reached skill level 1 in Evocations
  9703 | D:10     | Found an oddly glowing altar of Pakellas.
  9863 | D:10     | Got a coiled lead ring
  9864 | D:10     | Identified the ring "Imutek" {MP+9 Dex+7} (You found it on level 10 of the Dungeon)
 10314 | D:11     | Killed an unseen horror
 10314 | D:11     | Reached ***** piety under Okawaru
 10314 | D:11     | Reached XP level 11. HP: 85/107 MP: 11/11
 10849 | D:11     | Noticed TBriggs11TB's ghost (journeyman DrBe)
 10878 | D:11     | Reached skill level 5 in Shields
 10900 | D:11     | Killed from afar by TBriggs11TB's ghost

Skill      XL: |  1  2  3  4  5  6  7  8  9 10 11 |
---------------+----------------------------------+-----
Maces & Flails | 3 4 5 6 8 10 13 | 13.4
Fighting       | 4 5 6 7 8 10 13 | 13.5
Invocations    | 2 |  2.6
Shields        | 4 5 |  5.0
Armour         | 4 |  4.9
Dodging        | 2 |  2.9
Evocations     | 1 2 |  2.0

Action                   |  1- 3 |  4- 6 |  7- 9 | 10-12 || total
-------------------------+-------+-------+-------+-------++-------
Melee: Flail             |   138 |   126 |   366 |   287 ||   917
       Headbutt          |    13 |    17 |    87 |    68 ||   185
Invok: Heroism           |       |       |     2 |     1 ||     3
Evoke: Wand              |       |       |     2 |       ||     2
  Use: Potion            |       |     1 |       |       ||     1
       Scroll            |       |       |     1 |    16 ||    17
  Eat: Chunk             |     1 |     6 |    13 |     9 ||    29
       Fruit             |       |       |     2 |     2 ||     4
Armor: Scale mail        |    58 |    35 |   113 |   101 ||   307
Dodge: Dodged            |    38 |    33 |    73 |    69 ||   213
Block: Shield            |    74 |    60 |   140 |   118 ||   392
